BR (22 & UNDER)
ROY EAGLE SQUADRON @ SANTA CLARITA MUSIC
08/28/2030
 
TOP OF THE 1ST
Roy Eagle Squadron batting - Pitching for Santa Clarita Music : RHP Pedro Mercado
Pitching: RHP Pedro Mercado
Batting: SHB Troy Holland 0-0: Called Strike
0-1: Swinging Strike
0-2: SINGLE (Groundball, 4M) (infield hit)
Batting: RHB Juan Bruno 0-0: Ball
1-0: Ball
2-0: Ball
3-0: Called Strike
3-1: Called Strike
3-2: Foul Ball, location: 2F
3-2: Fielders Choice at 2nd, 1-6 (Groundball, 13)
Batting: LHB Octávio Otero 0-0: Ball
1-0: Ball
2-0: Called Strike
2-1: Foul Ball, location: 2F
2-2: Ball
3-2: Grounds into double play, 4-6-3 (Groundball, 4)
Top of the 1st over - 0 runs, 1 hit, 0 errors, 0 left on base; Roy 0 - Santa Clarita 0
BOTTOM OF THE 1ST
Santa Clarita Music batting - Pitching for Roy Eagle Squadron : RHP Cisco Dávila
Pitching: RHP Cisco Dávila
Batting: RHB Roberto García 0-0: Called Strike
0-1: Ground out 6-3 (Groundball, 6)
Batting: RHB Júlio Mateo 0-0: Ball
1-0: Ball
2-0: Swinging Strike
2-1: Reached on error, E5 (Groundball, 56)
Batting: LHB Daryl Thomas 0-0: Ball
1-0: Foul Ball, location: 2F
1-1: Ball
2-1: Ball
Júlio Mateo steals 2nd base
3-1: Foul Ball, location: 2F
3-2: Base on Balls
Batting: RHB Bill Ménard 0-0: Ball
1-0: Ball
2-0: Grounds into double play, 6-4-3 (Groundball, 6)
Bottom of the 1st over - 0 runs, 0 hits, 1 error, 1 left on base; Roy 0 - Santa Clarita 0
TOP OF THE 2ND
Roy Eagle Squadron batting - Pitching for Santa Clarita Music : RHP Pedro Mercado
Batting: RHB Roberto Valentín 0-0: Called Strike
0-1: Ball
1-1: Ball
2-1: Ball
3-1: SINGLE (Groundball, 34D)
Batting: LHB Robinson González 0-0: Fly out, F7 (Flyball, 7S)
Batting: SHB Dwight Hill 0-0: Ball
1-0: Foul Ball, location: 2F
1-1: SINGLE (Line Drive, 9S)
Roberto Valentín to second
Batting: LHB Reynaldo Martínez 0-0: Ball
1-0: Fielders Choice at 2nd, 4-6 (Groundball, 4)
Roberto Valentín to third
Batting: RHB Cal Cox 0-0: Foul Ball, location: 2F
0-1: SINGLE (Line Drive, 4M)
Roberto Valentín scores
Reynaldo Martínez to second
Runner from 2nd tries for 3rd, SAFE, throw made at trailing runner, OUT!
Top of the 2nd over - 1 run, 3 hits, 0 errors, 1 left on base; Roy 1 - Santa Clarita 0
BOTTOM OF THE 2ND
Santa Clarita Music batting - Pitching for Roy Eagle Squadron : RHP Cisco Dávila
Batting: RHB Leroy Bates 0-0: Called Strike
0-1: Swinging Strike
0-2: Ball
1-2: Ball
2-2: Foul Ball, location: 2F
2-2: Foul Ball, location: 2F
2-2: Ball
3-2: Ground out U3 (Groundball, 34S)
Batting: SHB Tetsu Yamada 0-0: Fly out, F9 (Flyball, 9)
Batting: RHB Ángel Martínez 0-0: Called Strike
0-1: Swinging Strike
0-2: Foul Ball, location: 2F
0-2: Foul Ball, location: 2F
0-2: Strikes out looking
Bottom of the 2nd over - 0 runs, 0 hits, 0 errors, 0 left on base; Roy 1 - Santa Clarita 0
TOP OF THE 3RD
Roy Eagle Squadron batting - Pitching for Santa Clarita Music : RHP Pedro Mercado
Batting: LHB Carlos Ramírez 0-0: Ball
1-0: Foul Ball, location: 2F
1-1: Ground out 6-3 (Groundball, 6)
Batting: SHB Troy Holland 0-0: Called Strike
0-1: Called Strike
0-2: Foul Ball, location: 2F
0-2: Foul Ball, location: 2F
0-2: Foul Ball, location: 2F
0-2: Foul Ball, location: 2F
0-2: Fly out, F9 (Flyball, 9)
Batting: RHB Juan Bruno 0-0: Ball
1-0: Ball
2-0: Foul Ball, location: 2F
2-1: Foul Ball, location: 2F
2-2: Ball
3-2: SINGLE (Groundball, 34D)
Batting: LHB Octávio Otero 0-0: Ball
Juan Bruno steals 2nd base
1-0: Ball
2-0: Ball
3-0: Called Strike
3-1: Foul Ball, location: 2F
3-2: Foul Ball, location: 2F
3-2: Base on Balls
Batting: RHB Roberto Valentín 0-0: Foul Ball, location: 2F
0-1: Fly out, F7 (Line Drive, 7)
Top of the 3rd over - 0 runs, 1 hit, 0 errors, 2 left on base; Roy 1 - Santa Clarita 0
BOTTOM OF THE 3RD
Santa Clarita Music batting - Pitching for Roy Eagle Squadron : RHP Cisco Dávila
Batting: RHB Geoffrey Bishop 0-0: Ground out 4-3 (Groundball, 4)
Batting: LHB Marcus Hussey 0-0: Ball
1-0: Foul Ball, location: 2F
1-1: Fly out, F6 (Popup, 4MD)
Batting: RHB Roberto García 0-0: Ball
1-0: Ground out 6-3 (Groundball, 6)
Bottom of the 3rd over - 0 runs, 0 hits, 0 errors, 0 left on base; Roy 1 - Santa Clarita 0
TOP OF THE 4TH
Roy Eagle Squadron batting - Pitching for Santa Clarita Music : RHP Pedro Mercado
Batting: LHB Robinson González 0-0: Ball
1-0: Foul Ball, location: 2F
1-1: Ball
2-1: SINGLE (Groundball, 34D)
Batting: SHB Dwight Hill 0-0: Fly out, F7 (Flyball, 7S)
Batting: LHB Reynaldo Martínez 0-0: Ball
1-0: Ball
2-0: Foul Ball, location: 2F
2-1: Called Strike
2-2: Foul Ball, location: 2F
2-2: Foul Ball, location: 2F
2-2: Ball
3-2: Foul Ball, location: 2F
3-2: Base on Balls
Robinson González to second
Batting: RHB Cal Cox 0-0: Swinging Strike
0-1: Ball
1-1: Grounds into double play, 5-4-3 (Groundball, 56)
Top of the 4th over - 0 runs, 1 hit, 0 errors, 1 left on base; Roy 1 - Santa Clarita 0
BOTTOM OF THE 4TH
Santa Clarita Music batting - Pitching for Roy Eagle Squadron : RHP Cisco Dávila
Batting: RHB Júlio Mateo 0-0: Called Strike
0-1: SINGLE (Line Drive, 56)
Batting: LHB Daryl Thomas 0-0: Fly out, F5 (Popup, 56S)
Batting: RHB Bill Ménard 0-0: Ball
1-0: Called Strike
1-1: Swinging Strike
1-2: Foul Ball, location: 2F
1-2: Strikes out looking
Batting: RHB Leroy Bates 0-0: Fly out, F8 (Flyball, 8LD)
Bottom of the 4th over - 0 runs, 1 hit, 0 errors, 1 left on base; Roy 1 - Santa Clarita 0
TOP OF THE 5TH
Roy Eagle Squadron batting - Pitching for Santa Clarita Music : RHP Pedro Mercado
Batting: LHB Carlos Ramírez 0-0: DOUBLE (Groundball, 3L)
Batting: SHB Troy Holland 0-0: Fly out, F9 (Flyball, 9S)
Batting: RHB Juan Bruno 0-0: Ball
Carlos Ramírez steals 3rd base
1-0: Foul Ball, location: 2F
1-1: Ball
2-1: SINGLE (Flyball, 89S)
Carlos Ramírez scores
Batting: LHB Octávio Otero 0-0: Ball
1-0: Called Strike
1-1: Ball
2-1: Fielders Choice at 2nd, 5-4 (Groundball, 56)
Batting: RHB Roberto Valentín 0-0: Ball
1-0: Called Strike
1-1: Called Strike
1-2: Strikes out swinging
Top of the 5th over - 1 run, 2 hits, 0 errors, 1 left on base; Roy 2 - Santa Clarita 0
BOTTOM OF THE 5TH
Santa Clarita Music batting - Pitching for Roy Eagle Squadron : RHP Cisco Dávila
Batting: SHB Tetsu Yamada 0-0: Ball
1-0: Foul Ball, location: 2F
1-1: Swinging Strike
1-2: Ground out U3 (Groundball, 3)
Batting: RHB Ángel Martínez 0-0: Ball
1-0: Ground out U3 (Groundball, 34)
Batting: RHB Geoffrey Bishop 0-0: Called Strike
0-1: Ball
1-1: Fly out, F9 (Flyball, 9)
Bottom of the 5th over - 0 runs, 0 hits, 0 errors, 0 left on base; Roy 2 - Santa Clarita 0
TOP OF THE 6TH
Roy Eagle Squadron batting - Pitching for Santa Clarita Music : RHP Pedro Mercado
Batting: LHB Robinson González 0-0: Ball
1-0: Ball
2-0: Ball
3-0: Called Strike
3-1: Ground out 4-3 (Groundball, 4)
Batting: SHB Dwight Hill 0-0: Ball
1-0: Ball
2-0: Ball
3-0: Called Strike
3-1: Foul Ball, location: 2F
3-2: Strikes out looking
Batting: LHB Reynaldo Martínez 0-0: Fly out, F6 (Popup, 6)
Top of the 6th over - 0 runs, 0 hits, 0 errors, 0 left on base; Roy 2 - Santa Clarita 0
BOTTOM OF THE 6TH
Santa Clarita Music batting - Pitching for Roy Eagle Squadron : RHP Cisco Dávila
Batting: LHB Marcus Hussey 0-0: SINGLE (Line Drive, 89S)
Batting: RHB Roberto García 0-0: Ball
1-0: Called Strike
1-1: Ball
2-1: Fielders Choice at 2nd, 2-4 (Groundball, 2L)
Batting: RHB Júlio Mateo 0-0: SINGLE (Groundball, 6) (infield hit)
Roberto García to second
Batting: LHB Daryl Thomas 0-0: Ball
1-0: Swinging Strike
1-1: Foul Ball, location: 2F
1-2: Foul Ball, location: 2F
1-2: Foul Ball, location: 2F
1-2: Strikes out swinging
Batting: RHB Bill Ménard 0-0: Ball
1-0: Ball
2-0: Fly out, F5 (Popup, 5L)
Bottom of the 6th over - 0 runs, 2 hits, 0 errors, 2 left on base; Roy 2 - Santa Clarita 0
TOP OF THE 7TH
Roy Eagle Squadron batting - Pitching for Santa Clarita Music : RHP Pedro Mercado
Pitching: RHP Roberto Vásquez
Batting: RHB Cal Cox 0-0: Swinging Strike
0-1: Ball
1-1: Foul Ball, location: 2F
1-2: Strikes out swinging
Pitching: LHP Carl Barker
Batting: LHB Carlos Ramírez 0-0: Called Strike
0-1: Ball
1-1: Foul Ball, location: 2F
1-2: Strikes out swinging
Pitching: RHP Eduardo Macías
Batting: SHB Troy Holland 0-0: Ball
1-0: Ground out 4-3 (Groundball, 4)
Top of the 7th over - 0 runs, 0 hits, 0 errors, 0 left on base; Roy 2 - Santa Clarita 0
BOTTOM OF THE 7TH
Santa Clarita Music batting - Pitching for Roy Eagle Squadron : RHP Cisco Dávila
Batting: RHB Leroy Bates 0-0: Ball
1-0: Foul Ball, location: 2F
1-1: Foul Ball, location: 2F
1-2: Ground out 3-1 (Groundball, 34)
Batting: SHB Tetsu Yamada 0-0: Foul Ball, location: 2F
0-1: Ball
1-1: Ball
2-1: Foul Ball, location: 2F
2-2: Foul Ball, location: 2F
2-2: Strikes out swinging
Batting: RHB Ángel Martínez 0-0: Ground out 5-3 (Groundball, 5)
Bottom of the 7th over - 0 runs, 0 hits, 0 errors, 0 left on base; Roy 2 - Santa Clarita 0
TOP OF THE 8TH
Roy Eagle Squadron batting - Pitching for Santa Clarita Music : RHP Eduardo Macías
Batting: RHB Juan Bruno 0-0: Called Strike
0-1: Ball
1-1: Called Strike
1-2: Ball
2-2: Ball
3-2: Base on Balls
Batting: LHB Octávio Otero 0-0: Foul Ball, location: 2F
0-1: Foul Ball, location: 2F
0-2: Ball
1-2: Foul Ball, location: 2F
1-2: Ball
2-2: Ground out U3 (Groundball, 34S)
Juan Bruno to second
Batting: RHB Roberto Valentín 0-0: Swinging Strike
0-1: Ball
1-1: Swinging Strike
1-2: Ball
2-2: Fly out, F9 (Flyball, 9S)
Batting: LHB Robinson González 0-0: Foul Ball, location: 2F
0-1: Ball
1-1: Fly out, F8 (Flyball, 8RS)
Top of the 8th over - 0 runs, 0 hits, 0 errors, 1 left on base; Roy 2 - Santa Clarita 0
BOTTOM OF THE 8TH
Santa Clarita Music batting - Pitching for Roy Eagle Squadron : RHP Cisco Dávila
Batting: RHB Geoffrey Bishop 0-0: Ball
1-0: Swinging Strike
1-1: Ball
2-1: Foul Ball, location: 2F
2-2: SINGLE (Groundball, 4M) (infield hit)
Batting: LHB Marcus Hussey 0-0: Called Strike
0-1: Fly out, F6 (Flyball, 56D)
Batting: RHB Roberto García 0-0: Swinging Strike
0-1: Ground out 4-3 (Groundball, 34)
Geoffrey Bishop to second
Batting: RHB Júlio Mateo 0-0: Ball
1-0: Ball
2-0: Ball
3-0: Base on Balls
Batting: LHB Daryl Thomas 0-0: Called Strike
0-1: Swinging Strike
0-2: Foul Ball, location: 2F
0-2: Strikes out swinging
Bottom of the 8th over - 0 runs, 1 hit, 0 errors, 2 left on base; Roy 2 - Santa Clarita 0
TOP OF THE 9TH
Roy Eagle Squadron batting - Pitching for Santa Clarita Music : RHP Eduardo Macías
Pitching: RHP Emmett Arbuckle
Batting: SHB Dwight Hill 0-0: Called Strike
0-1: Ball
1-1: Ball
2-1: Foul Ball, location: 2F
2-2: Ground out 6-3 (Groundball, 6)
Batting: LHB Reynaldo Martínez 0-0: Ball
1-0: Ball
2-0: SINGLE (Line Drive, 8LS)
Batting: RHB Cal Cox 0-0: Grounds into double play, 6-4-3 (Groundball, 6M)
Top of the 9th over - 0 runs, 1 hit, 0 errors, 0 left on base; Roy 2 - Santa Clarita 0
BOTTOM OF THE 9TH
Santa Clarita Music batting - Pitching for Roy Eagle Squadron : RHP Cisco Dávila
Batting: RHB Bill Ménard 0-0: SINGLE (Groundball, 6MD)
Batting: RHB Leroy Bates 0-0: SINGLE (Line Drive, 78M)
Bill Ménard to second
Pinch Hitting: RHB Jeff Peterson 0-0: SINGLE (Groundball, 4D)
Bill Ménard to third
Leroy Bates to second
Batting: RHB Ángel Martínez 0-0: Ball
1-0: Ball
2-0: Called Strike
2-1: Fly out, F9 (Flyball, 89S)
Batting: RHB Geoffrey Bishop 0-0: Ball
1-0: Ball
2-0: Ball
3-0: Base on Balls
Bill Ménard scores
Leroy Bates to third
Jeff Peterson to second
Pitching: LHP Jason Mills
Pinch Hitting: RHB Ramón Cabrera 0-0: Ball
1-0: Called Strike
1-1: DOUBLE (Line Drive, 7D)
Leroy Bates scores
Jeff Peterson scores
Saturday, April 7th, 2018 - OOTP Baseball 18.8 Build 76